 Dungeon Crawl Stone Soup version 0.18.1-50-g88ac8fd (webtiles) character file.

1090 Nordron the Magician (level 8, -9/41 HPs)
             Began as a Gargoyle Fire Elementalist on Sept 27, 2016.
             Was an Initiate of Vehumet.
             Killed by nerve-wracking pain
             ... invoked by an orc priest
              (14 damage)
             ... on level 5 of the Dungeon.
             The game lasted 00:24:05 (4065 turns).

Nordron the Magician (Gargoyle Fire Elementalist)   Turns: 4065, Time: 00:24:05

Health: -9/41      AC: 10    Str: 12    XL:     8   Next: 31%
Magic:  21/26      EV: 12    Int: 18    God:    Vehumet [......]
Gold:   457        SH:  0    Dex: 10    Spells: 3 memorised, 11 levels left

rFire  + . .     SeeInvis .     y - staff of fire
rCold  . . .     Gourm    .     a - +0 robe
rNeg   + + .     Faith    .     (no shield)
rPois  ∞         Spirit   .     (no helmet)
rElec  +         Dismiss  .     (no cloak)
rCorr  .         Reflect  .     (no gloves)
SustAt .         Harm     .     u - +2 pair of boots
MR     .....                    (no amulet)
Stlth  ++........               d - ring of positive energy
                                p - ring of magical power

@: very slightly contaminated, not resistant to hostile enchantments, unstealthy
A: negative energy resistance 1, electricity resistance, unbreathing,
petrification resistance, rot immunity, AC +5
a: Renounce Religion


You were on level 5 of the Dungeon.
You worshipped Vehumet.
Vehumet was noncommittal.
You were hungry.

You visited 2 branches of the dungeon, and saw 6 of its levels.
You also visited: Ossuary.

You collected 457 gold pieces.

Inventory:

Hand Weapons
 g - a +2 whip of electrocution
 i - a +2 short sword of holy wrath
 q - a +1 hand axe of flaming
 B - a cursed +0 hand axe
Armour
 a - a +0 robe (worn)
 u - a +2 pair of boots (worn)
Magical Staves
 y - an uncursed staff of fire (weapon)
Jewellery
 d - a ring of positive energy (right hand)
 p - a ring of magical power (left hand)
 x - an uncursed ring of ice
 E - an uncursed ring of flight
 G - an uncursed ring of protection from fire
Scrolls
 j - a scroll of magic mapping {unknown}
 k - a scroll of amnesia {unknown}
 o - 4 scrolls of remove curse {unknown}
 A - 2 scrolls of identify {unknown}
 F - a scroll of teleportation {unknown}
 H - a scroll of enchant weapon {unknown}
 J - a scroll of recharging {unknown}
Potions
 e - a potion of haste {unknown}
 f - a potion of degeneration {unknown}
 l - 5 potions of curing {unknown}
 m - a potion of cancellation {unknown}
 n - 2 potions of heal wounds {unknown}
 r - 2 potions of mutation {unknown}
 t - 3 potions of flight {unknown}
 w - a potion of might {unknown}
 z - a potion of berserk rage {unknown}
 C - a potion of cure mutation {unknown}
Books
 b - a book of Flames

   Spells                             Type                      Level
   a - Flame Tongue                   Conjuration/Fire             1
   b - Throw Flame                    Conjuration/Fire             2
   c - Conjure Flame                  Conjuration/Fire             3
   d - Inner Flame                    Hexes/Fire                   3
   e - Sticky Flame                   Conjuration/Fire             4
   f - Fireball                       Conjuration/Fire             5
Comestibles
 c - 2 bread rations
 h - 4 meat rations
 s - 2 slices of pizza
 v - 4 fruits
 D - a beef jerky


   Skills:
 + Level 0.2 Fighting
 + Level 0.2 Maces & Flails
 + Level 0.2 Armour
 + Level 1.5 Dodging
 - Level 2.1 Stealth
 * Level 6.2 Spellcasting
 + Level 5.3 Conjurations
 + Level 5.6 Fire Magic
 + Level 0.1 Evocations


You had 11 spell levels left.
You knew the following spells:

 Your Spells              Type           Power        Failure   Level  Hunger
a - Flame Tongue          Conj/Fire      #####        1%          1    None
b - Conjure Flame         Conj/Fire      #####...     3%          3    ##.....
c - Sticky Flame          Conj/Fire      #####...     14%         4    ####...


Dungeon Overview and Level Annotations

Branches:
Dungeon (5/15)             Temple (1/1) D:5

Altars:
Ashenzari
Cheibriados
Elyvilon
Fedhas
Gozag
Kikubaaqudgha
Makhleb
Okawaru
Qazlal
Sif Muna
Trog
Vehumet
Xom
Zin


Innate Abilities, Weirdness & Mutations

You are resistant to torment.
Your stone body is resilient (AC +5).
You are immune to poison.
You resist negative energy.
You are resistant to electric shocks.
You can survive without breathing.
You are immune to petrification.
You are immune to rotting.


Message History

Aim: an orc priest, wielding a war axe of holy wrath You feel a surge of power!
You miscast Flame Tongue.
You are very lightly contaminated with residual magic.
Nothing appears to happen.
The orc priest invokes the aid of Beogh against you.
You struggle to resist.
The orc priest mumbles some strange prayers to Beogh against you.
Beogh smites you!
* * * LOW HITPOINT WARNING * * *
The orc priest casts a cantrip, but nothing happens.
Casting: Flame Tongue
Confirm with . or Enter, or press ? or * to list all spells.
Aiming: Sticky Flame
Press: ? - help, Shift-Dir - straight line, f - orc priest, p - orc priest
Aim: an orc priest, wielding a short sword of venom You feel a surge of power!
You miscast Sticky Flame.
Sparks fly from your hands!
The orc priest calls down the wrath of Beogh upon you.
Pain shoots through your body!
You die...

...≈≈≈≈≈≈≈≈≈....#.# #.##.###
.....≈≈≈≈≈......#.########.##.#
................#..........#
...########..........#######
.#..........#####.#.........
.#.######## #.#.#######. ...#
#.#.# . .#.#
#########.#.#####.... .#.#
#.......@...........# .#..
#.#######o#o####...#. .##.#
........#.# ..# .. .
.######.#.# Z .. .. ##.>.o# .
## ##.....####...#
#.....o...o.... #........o...o#
#.......###...#


You could see 3 orc priests.

Vanquished Creatures
  A water moccasin (D:4)
  A sky beast (D:5)
  2 phantoms
  2 scorpions (D:4)
  2 crimson imps
  3 hounds
  A giant frog skeleton (D:4)
  A centaur skeleton (D:4)
  3 orc wizards (D:5)
  An iguana (D:4)
  3 worker ants
  2 big kobold zombies (Ossuary)
  2 mummies (Ossuary)
  5 adders
  An ooze (D:3)
  2 adder skeletons
  4 worms
  4 dart slugs (D:1)
  3 giant geckos (D:4)
  9 orcs
  A ball python (D:1)
  6 giant cockroaches
  2 gnoll zombies (Ossuary)
  5 goblins
  6 hobgoblins
  7 jackals
  2 quokkas (D:3)
  7 bats
  2 giant newts
  3 goblin zombies (Ossuary)
  2 hobgoblin zombies (Ossuary)
  10 kobolds
  An orc skeleton (D:5)
  5 orc zombies (Ossuary)
  6 rats
117 creatures vanquished.

Notes
Turn   | Place    | Note
--------------------------------------------------------------
     0 | D:1      | Nordron the Gargoyle Fire Elementalist began the quest for the Orb.
     0 | D:1      | Reached XP level 1. HP: 10/10 MP: 3/3
   143 | D:1      | Reached XP level 2. HP: 15/15 MP: 1/5
   571 | D:1      | Reached XP level 3. HP: 19/19 MP: 2/6
   576 | D:1      | Learned a level 3 spell: Conjure Flame
  1145 | D:2      | Reached skill level 3 in Spellcasting
  1264 | D:2      | Found a shattered altar of Ashenzari.
  1271 | D:2      | Found a glowing silver altar of Zin.
  1395 | D:2      | Reached XP level 4. HP: 24/24 MP: 8/8
  2228 | D:4      | Found a sand-covered staircase.
  2232 | Ossuary  | Entered an ossuary
  2247 | Ossuary  | Reached XP level 5. HP: 28/28 MP: 9/10
  2643 | D:4      | Reached skill level 4 in Spellcasting
  2643 | D:4      | Reached XP level 6. HP: 32/32 MP: 12/12
  2765 | D:4      | Noticed a water moccasin
  2773 | D:4      | Killed a water moccasin
  2773 | D:4      | Reached XP level 7. HP: 36/36 MP: 12/14
  3164 | D:4      | Found a burning altar of Makhleb.
  3164 | D:4      | Noticed a blizzard demon
  3191 | D:4      | Reached skill level 5 in Spellcasting
  3191 | D:4      | Reached skill level 5 in Fire Magic
  3291 | D:5      | Entered Level 5 of the Dungeon
  3308 | D:5      | Found a staircase to the Ecumenical Temple.
  3332 | Temple   | Entered the Ecumenical Temple
  3341 | Temple   | Became a worshipper of Vehumet
  3623 | D:5      | Learned a level 4 spell: Sticky Flame
  3714 | D:4      | Reached skill level 5 in Conjurations
  3738 | D:5      | Reached XP level 8. HP: 41/41 MP: 16/16
  3753 | D:5      | Reached skill level 6 in Spellcasting
  4065 | D:5      | Killed from afar by an orc priest

Skill      XL: |  1  2  3  4  5  6  7  8 |
---------------+-------------------------+-----
Conjurations   | 2 3 4 5 |  5.3
Spellcasting   | 3 4 5 6 |  6.2
Fire Magic     | 4 5 |  5.6
Fighting       | |  0.2
Maces & Flails | |  0.2
Armour         | |  0.2
Dodging        | |  1.5
Stealth        | |  2.1
Evocations     | |  0.1

Action                   |  1- 3 |  4- 6 |  7- 9 || total
-------------------------+-------+-------+-------++-------
Melee: Whip              |    14 |    26 |    33 ||    73
       Unarmed           |     1 |       |       ||     1
       Staff             |       |     1 |     4 ||     5
 Cast: Flame Tongue      |    56 |   114 |    74 ||   244
       Conjure Flame     |       |     1 |       ||     1
       Sticky Flame      |       |       |     1 ||     1
  Eat: Chunk             |     2 |     3 |     5 ||    10
Armor: Robe              |    10 |    28 |    27 ||    65
Dodge: Dodged            |    27 |    37 |    28 ||    92
